 Dungeon Crawl Stone Soup version 0.23-a0-370-gf497b7c (webtiles) character file.

0 Avernum the Skirmisher (level 1, -11/23 HPs)
             Began as a Gnoll Abyssal Knight on Oct 24, 2018.
             Was a Follower of Lugonu.
             Killed from afar by a wretched star (19 damage)
             ... with an orb of energy
             ... on level 1 of the Abyss.
             The game lasted 00:00:05 (68 turns).

Avernum the Skirmisher (Gnoll Abyssal Knight)         Turns: 68, Time: 00:00:05

Health: -11/23     AC:  2    Str: 14    XL:     1   Next: 0%
Magic:  3/3        EV: 12    Int: 14    God:    Lugonu [*.....]
Gold:   16         SH:  0    Dex: 14    Spells: 0/0 levels left

rFire    . . .     SeeInvis .   a - +1 hand axe
rCold    . . .     Gourm    .   (no shield)
rNeg     . . .     Faith    .   b - +0 leather armour
rPois    .         Spirit   .   (no helmet)
rElec    .         Reflect  .   (no cloak)
rCorr    .         Harm     .   (no gloves)
MR       .....                  (no boots)
Stlth    +.........             (no amulet)
HPRegen  0.07/turn              (no ring)
MPRegen  0.08/turn              (no ring)

@: no status effects
A: distributed training, fangs 1, [deformed body], strong nose
a: Depart the Abyss, Renounce Religion


You were on level 1 of the Abyss.
You worshipped Lugonu.
Lugonu was aware of your devotion.
You were not hungry.

You visited 0 branches of the dungeon, and saw 0 of its levels.
You visited the Abyss 1 time.

You collected 16 gold pieces.

Inventory:

Hand Weapons
 a - a +1 hand axe (weapon)
Armour
 b - a +0 leather armour (worn)
Comestibles
 c - a ration


   Skills:
 + Level 6.4 Fighting
 + Level 0.0 Short Blades
 + Level 0.0 Long Blades
 + Level 4.4 Axes
 + Level 0.0 Maces & Flails
 + Level 0.0 Polearms
 + Level 0.0 Staves
 + Level 0.0 Slings
 + Level 0.0 Bows
 + Level 0.0 Crossbows
 + Level 0.0 Throwing
 + Level 4.4 Armour
 + Level 2.3 Dodging
 + Level 0.0 Stealth
 + Level 0.0 Shields
 + Level 0.0 Unarmed Combat
 + Level 0.0 Spellcasting
 + Level 0.0 Conjurations
 + Level 0.0 Hexes
 + Level 0.0 Charms
 + Level 0.0 Summonings
 + Level 0.0 Necromancy
 + Level 0.0 Translocations
 + Level 0.0 Transmutations
 + Level 0.0 Fire Magic
 + Level 0.0 Ice Magic
 + Level 0.0 Air Magic
 + Level 0.0 Earth Magic
 + Level 0.0 Poison Magic
 + Level 4.4 Invocations
 + Level 0.0 Evocations


You couldn't memorise any spells.
You didn't know any spells.
Your spell library was empty.

Dungeon Overview and Level Annotations

Branches:
Dungeon (0/15)

Altars:


Innate Abilities, Weirdness & Mutations

Your experience applies equally to all skills.
You have very sharp teeth.
Your uncanny sense of smell can sniff out nearby items.
[Armour fits poorly on your strangely shaped body.]


Message History

A wretched star is nearby!
The wretched star glows turbulently.
The orb of energy misses you.
The orb of energy explodes!
You hear a bark!
A wretched star comes into view.
The wretched star moves out of view.
A tentacled starspawn comes into view.
The wretched star glows turbulently.
The orb of energy hits you!
Ouch! That really hurt!
The orb of energy explodes!
A tentacle flies out from the starspawn's body!
A raiju comes into view.
A starspawn tentacle comes into view.
The wretched star pulses with an eldritch light!
Your body twists and deforms.
The wretched star glows turbulently.
The orb of energy hits you!
Ouch! That really hurt!
You die...

.# #.# ... ##
... #.. #.#
#.###.#
##....######
#.#.#@###..h.#
#...*.*..#
#.#.#...## # #
##.#.#.#.#
#..#.....# #
####.##...#...#
..#..#w.##.##
.#.# #
#.X##....# # ##
.# #.#.##∆


You could see 2 wretched stars.

Vanquished Creatures (others)
  2 starspawn tentacles (Abyss:1)
2 creatures vanquished.

Notes
Turn   | Place    | Note
-------+----------+-------------------------------------------
     0 | Abyss:1  | Avernum the Gnoll Abyssal Knight began the quest for the
                  | Orb.
     0 | Abyss:1  | Reached XP level 1. HP: 23/23 MP: 3/3
    63 | Abyss:1  | Noticed a wretched star
    66 | Abyss:1  | Noticed a wretched star
    67 | Abyss:1  | Noticed a tentacled starspawn
    67 | Abyss:1  | Noticed a raiju
    68 | Abyss:1  | Killed from afar by a wretched star

Vault maps used:
Abyss:1:  hangedman_abyss_theft

Action                   || total
-------------------------++-------
Dodge: Dodged            ||     1

Table legend:
 A = Non-vault XP
 B = Vault XP
 C = Vault XP percentage of total XP
 D = Non-vault monster count
 E = Vault monster count
 F = Vault count percentage of total count
                 A         B        C        D         E       F
            +---------+---------+-------+---------+---------+-------
      Total |       0 |       0 |   N/A |       0 |       0 |  -nan
            +---------+---------+-------+---------+---------+-------
            +---------+---------+-------+---------+---------+-------
